 Dungeon Crawl Stone Soup version 0.29-a0-370-gb5314be063 (webtiles) character file.

Game seed: 16582426186345943033

1586 Essalna the Skirmisher (level 9, -9/68 HPs)
             Began as a Djinni Conjurer on May 2, 2022.
             Mangled by Edmund
             ... wielding a +2 flail of protection
              (11 damage)
             ... on level 6 of the Dungeon.
             The game lasted 00:11:53 (6881 turns).

Essalna the Skirmisher (Djinni Conjurer)            Turns: 6881, Time: 00:11:54

Health: -9/68      AC:  7    Str:  6    XL:     9   Next: 14%
Gold:   420        EV: 12    Int: 24    God:
                   SH:  0    Dex: 12

rFire   + + .      SeeInvis .   b - +1 spear
rCold   x . .      Faith    .   (no shield)
rNeg    . . .      Spirit   .   a - +0 robe
rPois   ∞          Reflect  .   (no helmet)
rElec   .          Harm     .   o - +2 cloak {rCorr}
rCorr   +          Rampage  .   u - +1 pair of gloves
Will    .....                   (boots unavailable)
Stlth   ++........              (no amulet)
HPRegen 0.21/turn               (no ring)
MPRegen 0.00/turn               (no ring)

@: flying
A: sickness immunity, fire resistance 2, cold vulnerability 1, float, innate
caster, HP casting, extra vitality 1
a: no special abilities


You were on level 6 of the Dungeon.
You visited 1 branch of the dungeon, and saw 6 of its levels.

You collected 420 gold pieces.

Inventory:

Hand Weapons
 b - a +1 spear (weapon)
Missiles
 h - 3 datura-tipped darts (quivered)
Armour
 a - a +0 robe (worn)
 o - a +2 cloak of preservation (worn)
 u - a +1 pair of gloves (worn)
Jewellery
 e - an amulet of faith
Scrolls
 g - 10 scrolls of identify {unknown}
 l - a scroll of fear
 q - a scroll of magic mapping
 w - a scroll of summoning {unknown}
 x - a scroll of brand weapon {unknown}
 y - a scroll of fog {unknown}
Potions
 c - a potion of heal wounds {unknown}
 d - a potion of flight {unknown}
 f - a potion of invisibility {unknown}
 j - 2 potions of curing {unknown}
 m - a potion of haste {unknown}
 n - a potion of magic {unknown}
 t - a potion of berserk rage {unknown}
 v - a potion of degeneration {unknown}
 z - a potion of brilliance {unknown}
 A - a potion of mutation {unknown}
 B - a potion of might {unknown}


   Skills:
 + Level 7.3 Fighting
 - Level 2.1 Dodging
 - Level 1.5 Stealth
 + Level 7.0 Spellcasting


You couldn't memorise any spells.
You knew the following spells:

 Your Spells              Type           Power      Damage    Failure   Level
a - Magic Dart            Conj           100%       1d8       1%          1
b - Searing Ray           Conj           84%        2d7       1%          2
c - Dazzling Flash        Conj/Hex       84%        N/A       1%          3
d - Fulminant Prism       Conj/Hex       21%        3d13      4%          4
e - Iskenderun's Mystic   Conj/Tloc      42%        2d10      4%          4
f - Pain                  Necr           100%       1d9       1%          1
g - Wereblood             Tmut           42%        N/A       1%          2
h - Spider Form           Tmut/Pois      42%        N/A       1%          3
i - Hailstorm             Conj/Ice       42%        3d10      4%          4
Your spell library was empty.

Dungeon Overview and Level Annotations

Branches:
Dungeon (6/15)
 Temple: D:4-7

Altars:

Shops:
D:3 =   D:4 *

Annotations:
D:6 Edmund


Innate Abilities, Weirdness & Mutations

You are immune to sickness and miasma.
You are immune to poison.
Your flesh is very heat resistant. (rF++)
You are vulnerable to cold. (rC-)
You float through the air rather than walking.
You learn spells naturally, not from books.
Your magical power is your life essence.
You have superior vitality. (+4 MHP)


Message History

Throw: 4 darts (datura)
Press: ? - help, Q - select action, (/) - cycle Shift-Dir - straight line, f/p - Edmund
Aim: Edmund, wielding a +2 flail of protection and wearing a +0 scale mail (lightly wounded, fast, strong, frenzied and insane, 64% to hit, immune)
You throw a datura-tipped dart. The datura-tipped dart hits Edmund.
Edmund is lightly wounded.
Edmund hits you with a +2 flail of protection!
* * * LOW HITPOINT WARNING * * *
You can't see any enemies this would affect, really read the scroll of fear?
Okay, then.
Unknown command.
Unknown command.
Okay, then.
Okay, then.
Casting: Magic Dart (safe; 1% risk of failure)
Confirm with . or Enter, or press ? or * to list all spells.
You erupt in a blast of force!
The mystic blast hits Edmund.
Edmund is lightly wounded.
Edmund is knocked back by the mystic blast.
* * * LOW HITPOINT WARNING * * *
Edmund shouts!
Press: ? - help, v - describe, . - travel The floor.
Unknown command.
Unknown command.
Okay, then.
Edmund shouts!
Casting: Iskenderun's Mystic Blast (dangerous; 4% risk of failure)
Confirm with . or Enter, or press ? or * to list all spells.
You erupt in a blast of force!
The mystic blast hits Edmund!
Edmund is moderately wounded.
Edmund is knocked back by the mystic blast.
* * * LOW HITPOINT WARNING * * *
Casting: Iskenderun's Mystic Blast (dangerous; 4% risk of failure)
Confirm with . or Enter, or press ? or * to list all spells.
You erupt in a blast of force!
The mystic blast hits Edmund but does no damage.
Edmund is moderately wounded.
* * * LOW HITPOINT WARNING * * *
Edmund hits you with a +2 flail of protection!
You die...

#.# #....# *,* #.# #....# *,*
#.########### *,* #.#.....#
*,* #.#.<...# *,* #.#.....#
*#####+#*** #.#.....#
*$......,,*
#########.#.....###.......,,*
#.........+.@@..+.........,,*
#........##.....##........,,*
#........'...(.....(......,,*
#........##########.....<.,,*
#........# *.......,,*
#........# *.......,,*
#........# *#####.#***
#........# *,.,,, #........#
**********


You could see the neutral Edmund (fast, strong, insane).

Vanquished Creatures
  Grinder (D:6)
  Eustachio (D:4)
  A black bear (D:6)
  A sky beast (D:5)
  An ogre (D:5)
  2 centaurs (D:6)
  Blork the orc (D:6)
  A kobold brigand (D:6)
  A scorpion (D:4)
  5 killer bees (D:4)
  2 jellies (D:4)
  A hound (D:4)
  2 orc priests
  2 iguanas
  3 gnolls (D:4)
  4 adders
  A white imp (D:5)
  3 ufetubi (D:5)
  3 worms
  4 dart slugs
  22 orcs
  7 ball pythons
  9 endoplasms
  5 giant cockroaches
  6 goblins
  3 hobgoblins
  4 jackals (D:5)
  9 kobolds
  5 bats
  4 frilled lizards
  9 rats
123 creatures vanquished.

Notes
Turn   | Place    | Note
-------+----------+-------------------------------------------
     0 | D:1      | Essalna the Djinni Conjurer began the quest for the Orb.
     0 | D:1      | Reached XP level 1. HP: 15/15 MP: 0/0
   279 | D:1      | Found a faded altar of an unknown god.
   416 | D:1      | Reached XP level 2. HP: 16/21 MP: 0/0
  1471 | D:2      | Reached XP level 3. HP: 21/25 MP: 0/0
  1471 | D:2      | Learned a level 1 spell: Pain
  1970 | D:2      | Reached skill level 1 in Fighting
  1970 | D:2      | Reached XP level 4. HP: 25/32 MP: 0/0
  2764 | D:3      | Reached XP level 5. HP: 24/38 MP: 0/0
  2764 | D:3      | Learned a level 2 spell: Wereblood
  3004 | D:3      | Identified the +8 short sword of Propriety {vorpal, rElec
                  | rN+ Int+4}
  3065 | D:3      | Found Leozixti's Jewellery Shop.
  3572 | D:4      | Reached XP level 6. HP: 32/46 MP: 0/0
  3757 | D:4      | Reached skill level 5 in Spellcasting
  3860 | D:4      | Reached XP level 7. HP: 20/51 MP: 0/0
  3860 | D:4      | Learned a level 3 spell: Spider Form
  3863 | D:4      | HP: 2/52 [killer bee (1)]
  4320 | D:4      | Found Yheutelys's General Store.
  4516 | D:4      | Noticed Eustachio
  4524 | D:4      | Killed Eustachio
  4525 | D:4      | Reached skill level 5 in Fighting
  5001 | D:5      | Entered Level 5 of the Dungeon
  5029 | D:5      | Reached XP level 8. HP: 39/60 MP: 0/0
  6415 | D:6      | Noticed Grinder
  6415 | D:6      | Noticed Blork the orc
  6434 | D:6      | Killed Blork the orc
  6453 | D:6      | Killed Grinder
  6454 | D:6      | Reached XP level 9. HP: 34/68 MP: 0/0
  6454 | D:6      | Learned a level 4 spell: Hailstorm
  6865 | D:6      | Noticed Edmund
  6881 | D:6      | Mangled by Edmund

Illustrated notes

Levels and vault maps discovered:
D:1:      lemuel_arrival_funnel, layout_loops_corners,
          shapermc_ecumenical_altar_ellora, moated_statue, minmay_tromino_v4_c
D:2:      minmay_alternating_diamond, layout_basic, minmay_misc_feat_nine_boxes,
          minmay_between
D:3:      layout_loops_ring, serial_shops, shop
D:4:      layout_loops_ring, serial_shops, kennysheep_mini_moat,
          nicolae_underground_beach, uniq_eustachio
D:5:      layout_cave_pools
D:6:      layout_basic, minmay_misc_feat_more_columns, uniq_maggie,
          uniq_blork_the_orc, uniq_edmund, uniq_grinder

Skill      XL: |  1  2  3  4  5  6  7  8  9 |
---------------+----------------------------+-----
Spellcasting   | 4 5 6 7 |  7.0
Fighting       | 1 2 3 5 7 |  7.3
Dodging        | |  2.1
Stealth        | |  1.5

Action                   |  1- 3 |  4- 6 |  7- 9 || total
-------------------------+-------+-------+-------++-------
Melee: Spear             |     1 |       |       ||     1
Throw: Dart              |       |       |     3 ||     3
 Cast: Magic Dart        |    67 |    67 |    97 ||   231
       Searing Ray       |       |     8 |    14 ||    22
       Iskenderun's Myst |       |       |     6 ||     6
       Dazzling Flash    |       |       |     2 ||     2
  Use: Scroll            |       |       |     8 ||     8
Armor: Robe              |       |     4 |    12 ||    16
Dodge: Dodged            |     3 |    19 |    27 ||    49

Table legend: (Time is in decaauts)
 A = Elapsed time spent in this place.
 B = Non-inter-level travel time spent in this place.
 C = Inter-level travel time spent in this place.
 D = Time resting spent in this place.
 E = Time spent auto-exploring this place.
 F = Levels seen in this place.
 G = Mean time per level.
                   A        B        C        D        E       F      G
               +--------+--------+--------+--------+--------+-----+--------+
         Total |   6880 |   6767 |    113 |    279 |   5817 |   6 | 1146.7 |
       Dungeon |   6880 |   6767 |    113 |    279 |   5817 |   6 | 1146.7 |
               +--------+--------+--------+--------+--------+-----+--------+

Top non-repeatable levels by time:
     D:3: 1332 daAuts
     D:2: 1317 daAuts
     D:1: 1187 daAuts
     D:4: 1163 daAuts
     D:6: 1051 daAuts
     D:5: 827 daAuts
